 Dungeon Crawl Stone Soup version 0.21.1-1-g345015fe64 (webtiles) character file.

105 IceCat the Skirmisher (level 4, 0/41 HPs)
             Began as a Minotaur Abyssal Knight on July 24, 2018.
             Was a Follower of Lugonu.
             Slain by Ablot's ghost (6 damage)
             ... on level 3 of the Dungeon.
             The game lasted 00:08:38 (1484 turns).

IceCat the Skirmisher (Minotaur Abyssal Knight)     Turns: 1484, Time: 00:08:39

Health: 0/41       AC:  9    Str: 17    XL:     4   Next: 54%
Magic:  4/4        EV:  7    Int:  9    God:    Lugonu [*.....]
Gold:   249        SH:  0    Dex: 10    Spells: 3/3 levels left

rFire    . . .     SeeInvis .   a - +1 mace
rCold    . . .     Gourm    .   (no shield)
rNeg     . . .     Faith    .   p - +0 chain mail
rPois    .         Spirit   .   (helmet restricted)
rElec    .         Reflect  .   (no cloak)
rCorr    +         Harm     +   (no gloves)
MR       .....                  (no boots)
Stlth    ..........             l - amulet of harm
HPRegen  0.13/turn              g - ring of resist corrosion
MPRegen  0.09/turn              (no ring)

@: no status effects
A: retaliatory headbutt, horns 2
a: Depart the Abyss, Renounce Religion


You were on level 3 of the Dungeon.
You worshipped Lugonu.
Lugonu was aware of your devotion.
You were not hungry.

You visited 1 branch of the dungeon, and saw 3 of its levels.
You visited the Abyss 1 time.

You collected 249 gold pieces.

Inventory:

Hand Weapons
 a - a +1 mace (weapon)
Armour
 b - a +0 leather armour
 i - a +0 scale mail
 p - a +0 chain mail (worn)
Jewellery
 g - a ring of resist corrosion (left hand)
 l - an amulet of harm (around neck)
 q - a +4 amulet of reflection {unknown}
Wands
 o - a wand of disintegration (15)
Scrolls
 d - a scroll of random uselessness {unknown}
 e - 6 scrolls of identify {unknown}
 h - 2 scrolls of remove curse {unknown}
 k - 2 scrolls of enchant weapon {unknown}
 n - a scroll of enchant armour {unknown}
 r - a scroll of immolation {unknown}
Potions
 f - 3 potions of heal wounds {unknown}
 j - a potion of agility {unknown}
 s - a potion of curing {unknown}
Comestibles
 c - 4 rations
 m - 2 chunks of flesh


   Skills:
 + Level 4.7 Fighting
 + Level 3.7 Maces & Flails
 + Level 3.3 Armour
 + Level 1.5 Dodging
 + Level 0.7 Stealth
 + Level 1.9 Invocations


You had 3 spell levels left.
You didn't know any spells.

Dungeon Overview and Level Annotations

Branches:
Dungeon (3/15)

Altars:
Ru

Annotations:
D:3 Ablot's ghost, amateur GnWn


Innate Abilities, Weirdness & Mutations

You reflexively headbutt those who attack you in melee.
You have a pair of horns on your head.


Message History

You barely miss Ablot's ghost.
Ablot's ghost is severely damaged.
Ablot's ghost hits you!
Ablot's ghost hits you but does no damage.
You hit Ablot's ghost but do no damage.
Ablot's ghost is severely damaged.
Ablot's ghost hits you.
You hit Ablot's ghost. You headbutt Ablot's ghost.
Ablot's ghost is severely damaged.
Ablot's ghost closely misses you.
Your chain mail prevents you from hitting Ablot's ghost.
Your headbutt misses Ablot's ghost.
Ablot's ghost is severely damaged.
Ablot's ghost hits you.
You hit Ablot's ghost.
Ablot's ghost is almost destroyed.
Ablot's ghost hits you.
* * * LOW HITPOINT WARNING * * *
x2 Ablot's ghost hits you.
You die...

#. #. .. #.
###########...#.#.# #.
..............#.#.# #.
.#########.#######.#.###.
.........................
########@W...............
#######.####.....###.
........# #......#...
.......W# #.....(....
........###.......##.
.........##......(...
...................#.
.......#.##..###.#.#.
.............# #.#.#.


You could see Ablot's ghost.

Vanquished Creatures
  A hound (D:3)
  An orc wizard (D:2)
  2 adders (D:2)
  2 worms (D:2)
  A leopard gecko (D:2)
  A giant cockroach (D:1)
  2 goblins (D:1)
  3 hobgoblins
  A quokka (D:3)
  2 ball pythons (D:2)
  4 bats
  2 frilled lizards
  4 kobolds
  4 rats
30 creatures vanquished.

Vanquished Creatures (others)
  3 starspawn tentacles (Abyss:1)
3 creatures vanquished.

Grand Total: 33 creatures vanquished

Notes
Turn   | Place    | Note
-------+----------+-------------------------------------------
     0 | Abyss:1  | IceCat the Minotaur Abyssal Knight began the quest for the Orb.
     0 | Abyss:1  | Reached XP level 1. HP: 19/19 MP: 1/1
    42 | Abyss:1  | Noticed a tentacled starspawn
    77 | Abyss:2  | Noticed a smoke demon
    81 | Abyss:2  | Noticed a wolf spider zombie
    82 | D:1      | Escaped the Abyss
   326 | D:1      | Reached * piety under Lugonu
   326 | D:1      | Reached skill level 4 in Fighting
   341 | D:1      | Reached XP level 2. HP: 27/27 MP: 2/2
  1011 | D:2      | Found a sacrificial altar of Ru.
  1021 | D:2      | Reached XP level 3. HP: 34/34 MP: 3/3
  1183 | D:3      | Reached XP level 4. HP: 35/41 MP: 4/4
  1218 | D:3      | Noticed Ablot's ghost (amateur GnWn)
  1484 | D:3      | Slain by Ablot's ghost

Skill      XL: |  1  2  3  4 |
---------------+-------------+-----
Fighting       | 4 |  4.7
Maces & Flails | 3 |  3.7
Armour         | 3 |  3.3
Dodging        | |  1.5
Stealth        | |  0.7
Invocations    | |  1.9

Action                   |  1- 3 |  4- 6 || total
-------------------------+-------+-------++-------
Melee: Mace              |    73 |    30 ||   103
       Headbutt          |    10 |     6 ||    16
Invok: Depart the Abyss  |     1 |       ||     1
 Stab: Paralysed         |     2 |       ||     2
  Eat: Chunk             |     1 |     1 ||     2
Armor: Scale mail        |    17 |       ||    17
       Ring mail         |     1 |       ||     1
       Chain mail        |    20 |    11 ||    31
Dodge: Dodged            |    39 |    17 ||    56
